 Dungeon Crawl Stone Soup version 0.23.1 (webtiles) character file.

Game seed: 7201333325971690032

31 mralvaruus the Insei (level 3, -3/26 HPs)
             Began as a Human Transmuter on Mar 16, 2019.
             Slain by Terence
             ... wielding a +0 mace
              (4 damage)
             ... on level 1 of the Dungeon.
             The game lasted 00:08:34 (775 turns).

mralvaruus the Insei (Human Transmuter)              Turns: 775, Time: 00:08:35

Health: -3/26      AC:  2    Str: 11    XL:     3   Next: 40%
Magic:  6/6        EV: 13    Int: 13    God:
Gold:   0          SH:  0    Dex: 15    Spells: 5/6 levels left

rFire    . . .     SeeInvis .   e - +0 dagger (drain)
rCold    . . .     Gourm    .   (no shield)
rNeg     . . .     Faith    .   b - +0 robe
rPois    .         Spirit   .   (no helmet)
rElec    .         Reflect  .   (no cloak)
rCorr    .         Harm     .   (no gloves)
MR       .....                  (no boots)
Stlth    +.........             (no amulet)
HPRegen  0.08/turn              i - +2 ring of dexterity
MPRegen  0.10/turn              (no ring)

@: lightly drained
A: no striking features
a: no special abilities


You were on level 1 of the Dungeon.
You were not hungry.

You visited 1 branch of the dungeon, and saw 2 of its levels.

Inventory:

Hand Weapons
 e - a +0 dagger of draining (weapon)
Missiles
 a - 12 arrows
Armour
 b - a +0 robe (worn)
Jewellery
 i - a +2 ring of dexterity (left hand)
 k - an uncursed amulet of regeneration {unknown}
Scrolls
 f - 2 scrolls of remove curse {unknown}
 h - a scroll of fog {unknown}
 j - a scroll of noise {unknown}
 l - a scroll of enchant armour {unknown}
Potions
 g - a potion of curing {unknown}
Comestibles
 c - 3 chunks of flesh
 d - a ration


   Skills:
 + Level 1.0(0.9) Fighting
 + Level 2.2(2.1) Dodging
 + Level 0.1 Stealth
 + Level 3.5 Unarmed Combat
 + Level 2.1(2.0) Spellcasting
 + Level 2.6(2.5) Transmutations


You had 5 spell levels left.
You knew the following spells:

 Your Spells              Type           Power        Failure   Level  Hunger
a - Beastly Appendage     Tmut           #.....       9%          1    ##.....

Your spell library contained the following spells:

 Spells                   Type           Power        Failure   Level  Hunger
 Sticks to Snakes         Tmut           #.......     13%         2    ###....
 Spider Form              Tmut/Pois      #.........   41%         3    ####...
 Ice Form                 Ice/Tmut       #.......     83%         4    #####..
 Blade Hands              Tmut           #.........   94%         5    ######.


Dungeon Overview and Level Annotations

Branches:
Dungeon (2/15)

Altars:

Annotations:
D:1 Terence


Message History

Terence is heavily wounded.
Your talons disappear.
The jackal closely misses you. Terence hits you with a +0 mace.
* * * LOW HITPOINT WARNING * * *
The jackal barely misses you. The jackal closely misses you.
You closely miss Terence.
Terence is heavily wounded.
The jackal closely misses you. x2; Terence barely misses you.
You hit Terence but do no damage. You drain Terence.
Terence is severely wounded.
The jackal barely misses you. The jackal misses you.
Terence says, "Rest in peace."
Terence hits you with a +0 mace.
* * * LOW HITPOINT WARNING * * *
The jackal closely misses you. x2
You completely miss Terence.
Terence is severely wounded.
The jackal closely misses you. The jackal misses you.
Terence hits you with a +0 mace.
You die...

#.# #........# #.#
#........# #.#
#........# #.#
#........# #.#
#........# #.#
###...#.#### #.#
###...###..###### #.#
#hh.#.####......## #.#
#@@l(..รท..((...... #.#
###########....... #.#
#.....## #.# #..>..#
#.###############.....#
#................######
################.#
###....#....#.#
#...........#.#


You could see Terence, 2 jackals and a frilled lizard.

Vanquished Creatures
  An ooze (D:1)
  A leopard gecko (D:1)
  2 giant cockroaches (D:1)
  3 goblins (D:1)
  5 hobgoblins (D:1)
  A jackal (D:1)
  3 bats (D:1)
  3 frilled lizards (D:1)
  3 kobolds (D:1)
  2 rats (D:1)
24 creatures vanquished.

Notes
Turn   | Place    | Note
-------+----------+-------------------------------------------
     0 | D:1      | mralvaruus the Human Transmuter began the quest for the
                  | Orb.
     0 | D:1      | Reached XP level 1. HP: 15/15 MP: 3/3
   107 | D:1      | Reached XP level 2. HP: 20/21 MP: 5/5
   484 | D:1      | Reached XP level 3. HP: 26/26 MP: 4/6
   754 | D:2      | Noticed Terence
   774 | D:1      | HP: 1/26 [Terence/+0 mace (2)]
   775 | D:1      | Slain by Terence

Action                   || total
-------------------------++-------
Melee: Unarmed           ||    32
       Kick              ||     7
       Dagger            ||    38
       Headbutt          ||     4
 Cast: Beastly Appendage ||    13
  Use: Scroll            ||     1
Armor: Robe              ||    11
Dodge: Dodged            ||    59
